[ AOE2 MATCH · #507911025 ]
UnrankedBurmese vs Franks
Player's team · LOSS
Rival team · WIN
[ REPLAY ANALYSIS · EXTRACTED FROM THE RECORDED GAME ]
Feudal
9:16
Castle
23:12
Imperial
—
| APM avg | 44.2 |
| APM peak | 69 |
| eAPM avg | 27.8 |
| Villagers / military | 64 / 27 |
Focus
⚔️ 29.6% · 🌾 70.4%
Archer ×14 · Spearman ×6 · Mangonel ×4 · Militia ×3
Feudal
9:17
Castle
26:12
Imperial
—
| APM avg | 41.1 |
| APM peak | 65 |
| eAPM avg | 15.3 |
| Villagers / military | 57 / 34 |
Focus
⚔️ 23.4% · 🌾 76.6%
Scout Cavalry ×34
Match map
Initial resources + every placement click. Lines = walls · curves = elevation contours. ◆ gold · ⬟ stone · ● berries · ✦ relic · ◌ wall gap
Your base· ✓ Closed at 23:12 · 36t walls · 2 gate(s)
hK | triunFo's base· Open — unwalled flank
Smoothed initial terrain · ◌ = detected wall gap · hover for details
Inputs per minute
— Retentio - - hK | triunFo
Build order — Retentio
First 150 of 188 actions detected
| 0:01 | Queue | Villager (Male) |
| 0:01 | Queue | Villager (Male) |
| 0:01 | Queue | Villager (Male) |
| 0:03 | Build | House |
| 0:04 | Build | House |
| 0:15 | Queue | Villager (Male) |
| 0:15 | Queue | Villager (Male) |
| 1:25 | Queue | Villager (Male) |
| 1:25 | Queue | Villager (Male) |
| 1:55 | Build | Lumber Camp |
| 1:59 | Queue | Villager (Male) |
| 1:59 | Queue | Villager (Male) |
| 2:17 | Queue | Villager (Male) |
| 2:51 | Queue | Villager (Male) |
| 2:51 | Queue | Villager (Male) |
| 3:20 | Queue | Villager (Male) |
| 3:20 | Queue | Villager (Male) |
| 3:56 | Build | House |
| 4:05 | Queue | Villager (Male) |
| 4:18 | Build | Mill |
| 4:23 | Queue | Villager (Male) |
| 4:24 | Queue | Villager (Male) |
| 4:49 | Queue | Villager (Male) |
| 4:50 | Queue | Villager (Male) |
| 4:50 | Queue | Villager (Male) |
| 5:40 | Queue | Villager (Male) |
| 5:40 | Queue | Villager (Male) |
| 6:01 | Queue | Villager (Male) |
| 6:01 | Queue | Villager (Male) |
| 6:08 | Queue | Villager (Male) |
| 6:09 | Queue | Villager (Male) |
| 6:17 | Queue | Villager (Male) |
| 6:26 | Research | Loom |
| 7:06 | Research | Feudal Age |
| 7:06 | Research | Feudal Age |
| 8:06 | Build | Barracks |
| 8:20 | Build | House |
| 8:57 | Build | Mining Camp |
| 9:13 | Queue | Militia |
| 9:13 | Queue | Militia |
| 9:14 | Queue | Militia |
| 9:16 | Age | Feudal Age |
| 9:29 | Build | Stable |
| 9:35 | Build | Archery Range |
| 9:42 | Queue | Villager (Male) |
| 9:43 | Queue | Villager (Male) |
| 9:48 | Build | House |
| 9:52 | Build | Palisade Wall |
| 9:55 | Build | House |
| 9:58 | Queue | Villager (Male) |
| 10:13 | Build | Palisade Gate |
| 10:16 | Build | House |
| 10:29 | Queue | Villager (Male) |
| 10:39 | Build | House |
| 10:40 | Build | Palisade Wall |
| 10:45 | Build | Palisade Wall |
| 10:46 | Queue | Archer |
| 10:57 | Build | Farm |
| 10:58 | Queue | Villager (Male) |
| 11:02 | Build | Farm |
| 11:07 | Build | House |
| 11:11 | Build | Palisade Wall |
| 11:15 | Queue | Villager (Male) |
| 11:24 | Queue | Archer |
| 11:30 | Build | Palisade Wall |
| 11:52 | Queue | Villager (Male) |
| 12:03 | Queue | Spearman |
| 12:04 | Queue | Archer |
| 12:07 | Build | Farm |
| 12:12 | Queue | Spearman |
| 12:16 | Build | House |
| 12:19 | Build | House |
| 12:20 | Build | Palisade Wall |
| 12:24 | Build | Palisade Wall |
| 12:29 | Build | House |
| 12:31 | Build | Palisade Wall |
| 12:42 | Queue | Villager (Male) |
| 12:43 | Queue | Spearman |
| 12:50 | Queue | Villager (Male) |
| 12:53 | Build | Farm |
| 12:55 | Build | Farm |
| 12:58 | Build | Farm |
| 13:12 | Build | Palisade Wall |
| 13:18 | Queue | Spearman |
| 13:19 | Queue | Archer |
| 13:30 | Queue | Villager (Male) |
| 13:35 | Build | Farm |
| 13:38 | Build | Farm |
| 13:54 | Build | Palisade Wall |
| 14:00 | Queue | Villager (Male) |
| 14:07 | Build | Farm |
| 14:11 | Queue | Villager (Male) |
| 14:19 | Queue | Archer |
| 14:24 | Build | Palisade Gate |
| 14:25 | Build | House |
| 14:31 | Build | House |
| 14:33 | Build | Palisade Wall |
| 14:34 | Queue | Villager (Male) |
| 14:40 | Queue | Villager (Male) |
| 14:50 | Queue | Villager (Male) |
| 14:52 | Queue | Archer |
| 14:58 | Build | Blacksmith |
| 15:03 | Queue | Villager (Male) |
| 15:12 | Build | Farm |
| 15:18 | Queue | Villager (Male) |
| 15:24 | Queue | Archer |
| 15:33 | Build | Farm |
| 15:38 | Build | Farm |
| 15:42 | Queue | Archer |
| 15:50 | Research | Fletching |
| 16:05 | Research | Wheelbarrow |
| 16:11 | Build | Watch Tower |
| 16:22 | Queue | Archer |
| 16:39 | Build | Farm |
| 16:40 | Queue | Villager (Male) |
| 16:50 | Build | Mining Camp |
| 16:59 | Queue | Villager (Male) |
| 17:04 | Build | Farm |
| 17:26 | Queue | Archer |
| 17:29 | Build | Farm |
| 17:30 | Queue | Villager (Male) |
| 17:40 | Queue | Archer |
| 17:42 | Queue | Spearman |
| 17:51 | Queue | Villager (Male) |
| 18:04 | Queue | Villager (Male) |
| 18:13 | Build | House |
| 18:15 | Build | Palisade Wall |
| 18:36 | Build | Palisade Wall |
| 18:38 | Queue | Villager (Male) |
| 18:47 | Build | Palisade Wall |
| 18:49 | Build | House |
| 18:51 | Build | Palisade Wall |
| 18:53 | Build | Palisade Wall |
| 18:54 | Build | Palisade Wall |
| 19:17 | Queue | Villager (Male) |
| 19:24 | Build | Mining Camp |
| 19:32 | Build | Lumber Camp |
| 19:40 | Build | Palisade Wall |
| 19:57 | Build | Lumber Camp |
| 20:02 | Build | House |
| 20:26 | Queue | Spearman |
| 20:32 | Research | Castle Age |
| 21:25 | Build | Mining Camp |
| 21:34 | Build | Palisade Wall |
| 21:54 | Build | Market |
| 22:05 | Research | Stone Mining |
| 22:05 | Research | Gold Mining |
| 22:21 | Build | House |
| 22:25 | Build | House |
| 22:27 | Build | House |
Build order — hK | triunFo
150 actions detected in the replay
| 0:00 | Queue | Villager (Male) |
| 0:01 | Queue | Villager (Male) |
| 0:01 | Queue | Villager (Male) |
| 0:02 | Queue | Villager (Male) |
| 0:05 | Build | House |
| 1:21 | Build | House |
| 1:23 | Build | House |
| 1:28 | Queue | Villager (Male) |
| 2:02 | Queue | Villager (Male) |
| 2:21 | Queue | Villager (Male) |
| 2:34 | Build | Lumber Camp |
| 2:47 | Queue | Villager (Male) |
| 3:22 | Queue | Villager (Male) |
| 3:36 | Queue | Villager (Male) |
| 4:03 | Queue | Villager (Male) |
| 4:04 | Queue | Villager (Male) |
| 4:40 | Queue | Villager (Male) |
| 4:40 | Queue | Villager (Male) |
| 5:15 | Queue | Villager (Male) |
| 5:15 | Queue | Villager (Male) |
| 5:15 | Queue | Villager (Male) |
| 5:23 | Queue | Villager (Male) |
| 5:34 | Build | Mill |
| 6:42 | Research | Loom |
| 7:05 | Research | Feudal Age |
| 7:29 | Queue | Villager (Male) |
| 7:52 | Build | House |
| 8:21 | Build | Barracks |
| 9:12 | Queue | Villager (Male) |
| 9:13 | Queue | Villager (Male) |
| 9:17 | Age | Feudal Age |
| 9:18 | Build | House |
| 9:24 | Build | Stable |
| 9:32 | Research | Double-Bit Axe |
| 9:32 | Research | Double-Bit Axe |
| 9:50 | Queue | Villager (Male) |
| 9:58 | Queue | Scout Cavalry |
| 9:58 | Queue | Scout Cavalry |
| 9:59 | Queue | Scout Cavalry |
| 9:59 | Queue | Scout Cavalry |
| 9:59 | Queue | Scout Cavalry |
| 10:13 | Build | House |
| 10:32 | Queue | Villager (Male) |
| 10:40 | Build | Blacksmith |
| 11:02 | Queue | Villager (Male) |
| 11:10 | Build | Farm |
| 11:10 | Build | Farm |
| 11:12 | Build | Farm |
| 11:14 | Queue | Villager (Male) |
| 11:14 | Queue | Villager (Male) |
| 11:37 | Build | House |
| 11:52 | Queue | Villager (Male) |
| 12:10 | Queue | Villager (Male) |
| 12:14 | Build | Farm |
| 12:16 | Build | Farm |
| 12:26 | Build | House |
| 12:26 | Queue | Villager (Male) |
| 12:42 | Build | Farm |
| 12:43 | Build | Farm |
| 12:44 | Build | Farm |
| 12:53 | Queue | Villager (Male) |
| 12:57 | Build | House |
| 13:00 | Build | House |
| 13:03 | Build | House |
| 13:05 | Queue | Villager (Male) |
| 13:17 | Research | Scale Barding Armor |
| 13:36 | Queue | Scout Cavalry |
| 13:36 | Queue | Scout Cavalry |
| 13:57 | Build | Farm |
| 13:58 | Build | Farm |
| 14:00 | Build | Farm |
| 14:04 | Build | Mining Camp |
| 14:08 | Queue | Scout Cavalry |
| 14:08 | Queue | Scout Cavalry |
| 14:27 | Queue | Villager (Male) |
| 14:42 | Queue | Scout Cavalry |
| 14:42 | Queue | Scout Cavalry |
| 15:07 | Queue | Villager (Male) |
| 15:08 | Queue | Villager (Male) |
| 15:08 | Queue | Villager (Male) |
| 15:09 | Queue | Villager (Male) |
| 15:27 | Build | Farm |
| 15:36 | Queue | Scout Cavalry |
| 15:56 | Build | Watch Tower |
| 16:00 | Queue | Scout Cavalry |
| 16:00 | Queue | Scout Cavalry |
| 16:24 | Research | Fletching |
| 16:24 | Research | Fletching |
| 16:54 | Queue | Villager (Male) |
| 16:54 | Queue | Villager (Male) |
| 17:12 | Build | Watch Tower |
| 17:29 | Queue | Scout Cavalry |
| 17:30 | Queue | Scout Cavalry |
| 17:30 | Queue | Scout Cavalry |
| 17:47 | Queue | Villager (Male) |
| 17:53 | Build | Mining Camp |
| 18:03 | Build | Watch Tower |
| 18:32 | Queue | Villager (Male) |
| 18:32 | Queue | Villager (Male) |
| 18:33 | Queue | Villager (Male) |
| 18:33 | Queue | Villager (Male) |
| 19:39 | Research | Wheelbarrow |
| 20:06 | Queue | Scout Cavalry |
| 20:07 | Queue | Scout Cavalry |
| 20:07 | Queue | Scout Cavalry |
| 20:51 | Queue | Villager (Male) |
| 21:20 | Queue | Villager (Male) |
| 21:26 | Build | Farm |
| 21:27 | Build | Farm |
| 21:30 | Build | Farm |
| 21:31 | Build | Farm |
| 21:32 | Build | Farm |
| 21:46 | Build | Watch Tower |
| 21:58 | Queue | Villager (Male) |
| 21:58 | Queue | Villager (Male) |
| 22:06 | Build | Farm |
| 22:07 | Build | Farm |
| 22:19 | Build | Mining Camp |
| 23:32 | Research | Castle Age |
| 23:47 | Build | Farm |
| 24:10 | Queue | Scout Cavalry |
| 24:11 | Queue | Scout Cavalry |
| 24:13 | Queue | Scout Cavalry |
| 24:39 | Build | Lumber Camp |
| 25:02 | Queue | Scout Cavalry |
| 25:05 | Research | Forging |
| 25:45 | Queue | Scout Cavalry |
| 25:45 | Queue | Scout Cavalry |
| 25:47 | Queue | Villager (Male) |
| 25:47 | Queue | Villager (Male) |
| 26:12 | Age | Castle Age |
| 26:16 | Build | Castle |
| 27:18 | Queue | Scout Cavalry |
| 27:18 | Queue | Scout Cavalry |
| 27:19 | Queue | Scout Cavalry |
| 27:19 | Queue | Scout Cavalry |
| 28:06 | Queue | Scout Cavalry |
| 28:06 | Queue | Scout Cavalry |
| 28:09 | Research | Chain Barding Armor |
| 28:09 | Research | Chain Barding Armor |
| 28:38 | Queue | Scout Cavalry |
| 28:39 | Queue | Scout Cavalry |
| 28:41 | Queue | Villager (Male) |
| 28:41 | Queue | Villager (Male) |
| 28:41 | Queue | Villager (Male) |
| 28:42 | Queue | Villager (Male) |
| 28:42 | Queue | Villager (Male) |
| 28:42 | Queue | Villager (Male) |
| 28:43 | Queue | Villager (Male) |
| 28:43 | Queue | Villager (Male) |
Match timeline
| 8:06 | Retentio · first_building Barracks |
| 8:21 | hK | triunFo · first_building Barracks |
| 9:16 | Retentio · age_up feudal |
| 9:17 | hK | triunFo · age_up feudal |
| 9:24 | hK | triunFo · first_building Stable |
| 9:29 | Retentio · first_building Stable |
| 9:35 | Retentio · first_building Archery Range |
| 9:52 | Retentio · wall_segment Palisade Wall x4 |
| 10:40 | Retentio · wall_segment Palisade Wall x2 |
| 10:45 | Retentio · wall_segment Palisade Wall x1 |
| 11:11 | Retentio · wall_segment Palisade Wall x4 |
| 11:30 | Retentio · wall_segment Palisade Wall x5 |
| 12:20 | Retentio · wall_segment Palisade Wall x1 |
| 12:24 | Retentio · wall_segment Palisade Wall x2 |
| 12:31 | Retentio · wall_segment Palisade Wall x1 |
| 13:12 | Retentio · wall_segment Palisade Wall x4 |
| 13:54 | Retentio · wall_segment Palisade Wall x1 |
| 14:33 | Retentio · wall_segment Palisade Wall x1 |
| 18:15 | Retentio · wall_segment Palisade Wall x1 |
| 18:36 | Retentio · wall_segment Palisade Wall x1 |
| 18:47 | Retentio · wall_segment Palisade Wall x1 |
| 18:51 | Retentio · wall_segment Palisade Wall x1 |
| 18:53 | Retentio · wall_segment Palisade Wall x1 |
| 18:54 | Retentio · wall_segment Palisade Wall x1 |
| 19:40 | Retentio · wall_segment Palisade Wall x2 |
| 21:34 | Retentio · wall_segment Palisade Wall x1 |
| 22:29 | Retentio · wall_segment Palisade Wall x3 |
| 22:52 | Retentio · wall_segment Palisade Wall x1 |
| 23:12 | Retentio · age_up castle |
| 23:40 | Retentio · wall_segment Palisade Wall x2 |
| 23:41 | Retentio · wall_segment Palisade Wall x1 |
| 23:42 | Retentio · wall_segment Palisade Wall x1 |
| 23:44 | Retentio · wall_segment Palisade Wall x1 |
| 24:16 | Retentio · first_building Siege Workshop |
| 24:44 | Retentio · first_market_buy 100 food |
| 26:12 | hK | triunFo · age_up castle |
| 26:16 | hK | triunFo · first_building Castle |
| 27:15 | Retentio · wall_segment Palisade Wall x1 |
| 29:52 | Retentio · resign |
[ AI ANALYSIS · 1 CREDIT ]
What really happened in this match?
Wolo.gg analyzes every decision: build order, eco, micro, common mistakes by bracket. Personalized analysis on WhatsApp or Discord in 30 seconds.
Civ guide
Burmese
Perfil
Retentio